| TOP OF THE 1ST |
|
Tri-City Dust Devils batting - Pitching for Eugene Emeralds : RHP Alvaro Romero
|
|
Pitching: RHP Alvaro Romero
|
|
|
Batting: LHB Ramon Vega
|
0-0: Called Strike 0-1: DOUBLE (Flyball, 8RD, EV 108.1 MPH)
|
|
Batting: SHB Yutaro Takahashi
|
0-0: Bunt missed! 0-1: Bunt missed! Balk! Ramon Vega to third 0-2: Ball 1-2: Ball 2-2: Ball 3-2: Base on Balls
|
|
Batting: RHB Hector Fernandez
|
Balk! Ramon Vega scores Yutaro Takahashi to second 0-0: Ball 1-0: Ball Wild Pitch! Yutaro Takahashi to third 2-0: Fly out, F8 (Flyball, 8RXD, EV 95.0 MPH) Runner from 3rd tags up, SCORES, no throw by CF
|
|
Batting: SHB Manny Berrones
|
0-0: SINGLE (Groundball, 4, EV 106.2 MPH)
|
|
Batting: RHB Brian DeVoe
|
0-0: Called Strike 0-1: Foul Ball, location: 2F Balk! Manny Berrones to second 0-2: Ball Wild Pitch! Manny Berrones to third 1-2: SINGLE (Groundball, 25, EV 73.8 MPH) (infield hit)
|
|
Batting: LHB Roger Duque
|
0-0: SINGLE (Groundball, 6MD, EV 98.8 MPH) Manny Berrones scores Brian DeVoe to second
|
|
Batting: RHB Paul Van Gilder
|
0-0: Called Strike 0-1: Ball 1-1: Foul Ball, location: 2F 1-2: Ball Wild Pitch! Brian DeVoe to third Roger Duque to second 2-2: Ball 3-2: Ground out 4-3 (Groundball, 4, EV 103.1 MPH) Brian DeVoe scores Roger Duque to third
|
|
Pitching: RHP Carlos Zavala
|
|
|
Batting: RHB Alfredo Lemus
|
0-0: Ball 1-0: Ball 2-0: Ball 3-0: Called Strike 3-1: Called Strike 3-2: Base on Balls
|
|
Batting: RHB David Reyna
|
0-0: Ball 1-0: Called Strike 1-1: Ball 2-1: Called Strike Alfredo Lemus steals 2nd base 2-2: SINGLE (Groundball, 56S, EV 100.0 MPH) Roger Duque scores Alfredo Lemus to third Runner from 3rd tries for Home, SAFE, throw by LF to home
|
|
Batting: LHB Ramon Vega
|
0-0: Ball 1-0: Called Strike 1-1: Swinging Strike 1-2: Foul Ball, location: 2F 1-2: Reached on error, E6 (Groundball, 6, EV 98.8 MPH) David Reyna to second
|
|
Batting: SHB Yutaro Takahashi
|
0-0: Ball 1-0: Called Strike 1-1: Foul Ball, location: 2F 1-2: Strikes out looking
|
| Top of the 1st over - 6 runs, 5 hits, 1 error, 2 left on base; Tri-City 6 - Eugene 0 |
| BOTTOM OF THE 1ST |
|
Eugene Emeralds batting - Pitching for Tri-City Dust Devils : RHP Roger Watkins
|
|
Pitching: RHP Roger Watkins
|
|
|
Batting: RHB Du Kim
|
0-0: Foul Ball, location: 2F 0-1: Ball 1-1: Swinging Strike 1-2: Strikes out swinging
|
|
Batting: RHB Eric Wiss
|
0-0: Called Strike 0-1: Ball 1-1: Foul Ball, location: 2F 1-2: Fly out, F2 (Popup, 5SF, EV 83.8 MPH)
|
|
Batting: RHB Taylor Garofalo
|
0-0: SINGLE (Groundball, 56D, EV 106.9 MPH)
|
|
Batting: RHB Ryan Bush
|
0-0: Ball 1-0: Ball 2-0: Ball 3-0: Called Strike 3-1: Called Strike 3-2: Strikes out swinging
|
| Bottom of the 1st over - 0 runs, 1 hit, 0 errors, 1 left on base; Tri-City 6 - Eugene 0 |
| TOP OF THE 2ND |
|
Tri-City Dust Devils batting - Pitching for Eugene Emeralds : RHP Carlos Zavala
|
|
Batting: RHB Hector Fernandez
|
0-0: Foul Ball, location: 2F 0-1: Called Strike 0-2: SINGLE (Groundball, 6D, EV 96.9 MPH)
|
|
Batting: SHB Manny Berrones
|
0-0: Called Strike 0-1: Called Strike Hector Fernandez steals 2nd base 0-2: SINGLE (Groundball, 34D, EV 101.9 MPH) Hector Fernandez to third Runner from 3rd tries for Home, SAFE, throw by RF to home
|
|
Batting: RHB Brian DeVoe
|
0-0: Ball 1-0: Ball 2-0: 2-RUN HOME RUN (Flyball, 7D, EV 92.5 MPH), Distance : 347 ft
|
|
Batting: LHB Roger Duque
|
0-0: Ball 1-0: Swinging Strike 1-1: Ball 2-1: Ball 3-1: Base on Balls
|
|
Batting: RHB Paul Van Gilder
|
0-0: Foul Ball, location: 2F 0-1: Called Strike 0-2: Foul Ball, location: 2F 0-2: Fly out, F8 (Flyball, 89M, EV 73.8 MPH)
|
|
Batting: RHB Alfredo Lemus
|
0-0: Ball 1-0: Foul Ball, location: 2F 1-1: Ball 2-1: 2-RUN HOME RUN (Flyball, 7D, EV 96.9 MPH), Distance : 351 ft
|
|
Batting: RHB David Reyna
|
0-0: Called Strike 0-1: Ball 1-1: Swinging Strike 1-2: Strikes out looking
|
|
Batting: LHB Ramon Vega
|
0-0: Ball 1-0: Ball 2-0: Ball 3-0: Base on Balls
|
|
Batting: SHB Yutaro Takahashi
|
0-0: Ground out 4-3 (Groundball, 4, EV 80.6 MPH)
|
| Top of the 2nd over - 5 runs, 4 hits, 0 errors, 1 left on base; Tri-City 11 - Eugene 0 |
| BOTTOM OF THE 2ND |
|
Eugene Emeralds batting - Pitching for Tri-City Dust Devils : RHP Roger Watkins
|
|
Batting: RHB Bill Holmes
|
0-0: Called Strike 0-1: SINGLE (Groundball, 4D, EV 97.5 MPH)
|
|
Batting: RHB Tim Long
|
0-0: Called Strike 0-1: Ball 1-1: Called Strike 1-2: Fly out, F6 (Flyball, 6MD, EV 94.4 MPH)
|
|
Batting: RHB Josh Asch
|
0-0: Called Strike 0-1: Foul Ball, location: 2F 0-2: Ball 1-2: Strikes out swinging
|
|
Batting: RHB Jerry Blas
|
0-0: Ball 1-0: Ball 2-0: SINGLE (Line Drive, 56, EV 99.4 MPH) Bill Holmes to second
|
|
Batting: RHB Jonathan Ridgely
|
0-0: Fly out, F7 (Flyball, 7D, EV 94.4 MPH)
|
| Bottom of the 2nd over - 0 runs, 2 hits, 0 errors, 2 left on base; Tri-City 11 - Eugene 0 |
| TOP OF THE 3RD |
|
Tri-City Dust Devils batting - Pitching for Eugene Emeralds : RHP Carlos Zavala
|
|
Batting: RHB Hector Fernandez
|
0-0: Swinging Strike 0-1: Called Strike 0-2: Ball 1-2: Ground out 1-3 (Groundball, 15S, EV 69.4 MPH)
|
|
Batting: SHB Manny Berrones
|
0-0: Ground out 4-3 (Groundball, 4, EV 78.8 MPH)
|
|
Batting: RHB Brian DeVoe
|
0-0: Ground out U3 (Groundball, 34, EV 105.0 MPH)
|
| Top of the 3rd over - 0 runs, 0 hits, 0 errors, 0 left on base; Tri-City 11 - Eugene 0 |
| BOTTOM OF THE 3RD |
|
Eugene Emeralds batting - Pitching for Tri-City Dust Devils : RHP Roger Watkins
|
|
Batting: RHB Du Kim
|
0-0: Called Strike 0-1: Ball 1-1: Ball 2-1: Foul Ball, location: 2F 2-2: Strikes out swinging
|
|
Batting: RHB Eric Wiss
|
0-0: Ball 1-0: Ground out 6-3 (Groundball, 56, EV 103.1 MPH)
|
|
Batting: RHB Taylor Garofalo
|
0-0: Called Strike 0-1: Ball 1-1: Ball 2-1: Ground out 6-3 (Groundball, P, EV 94.4 MPH)
|
| Bottom of the 3rd over - 0 runs, 0 hits, 0 errors, 0 left on base; Tri-City 11 - Eugene 0 |
| TOP OF THE 4TH |
|
Tri-City Dust Devils batting - Pitching for Eugene Emeralds : RHP Carlos Zavala
|
|
Batting: LHB Roger Duque
|
0-0: Called Strike 0-1: Called Strike 0-2: Hit by Pitch
|
|
Batting: RHB Paul Van Gilder
|
0-0: Fly out, F7 (Line Drive, 7D, EV 95.0 MPH)
|
|
Batting: RHB Alfredo Lemus
|
0-0: TRIPLE (Flyball, 89XD, EV 90.6 MPH) Roger Duque scores
|
|
Batting: RHB David Reyna
|
0-0: Ball 1-0: Called Strike 1-1: Foul Ball, location: 2F 1-2: Foul Ball, location: 2F 1-2: Ball 2-2: Ball 3-2: Base on Balls
|
|
Batting: LHB Ramon Vega
|
0-0: SINGLE (Groundball, 3D, EV 100.0 MPH) Alfredo Lemus scores David Reyna to second Runner from 2nd tries for 3rd, SAFE, throw by RF made to third
|
|
Batting: SHB Yutaro Takahashi
|
0-0: Called Strike 0-1: SINGLE (Groundball, 13S, EV 64.4 MPH) (infield hit) Ramon Vega to second
|
|
Batting: RHB Hector Fernandez
|
0-0: Ball 1-0: Ball 2-0: Ball 3-0: Called Strike 3-1: Foul Ball, location: 2F 3-2: Base on Balls David Reyna scores Ramon Vega to third Yutaro Takahashi to second
|
|
Batting: SHB Manny Berrones
|
0-0: Ball 1-0: Fly out, F2 (Popup, 25F, EV 90.6 MPH)
|
|
Batting: RHB Brian DeVoe
|
0-0: Ground out U3 (Groundball, 34S, EV 93.1 MPH)
|
| Top of the 4th over - 3 runs, 3 hits, 0 errors, 3 left on base; Tri-City 14 - Eugene 0 |
| BOTTOM OF THE 4TH |
|
Eugene Emeralds batting - Pitching for Tri-City Dust Devils : RHP Roger Watkins
|
|
Batting: RHB Ryan Bush
|
0-0: Called Strike 0-1: Called Strike 0-2: Ball 1-2: Strikes out looking
|
|
Batting: RHB Bill Holmes
|
0-0: SINGLE (Groundball, 34D, EV 110.6 MPH)
|
|
Batting: RHB Tim Long
|
0-0: Swinging Strike 0-1: Fly out, F8 (Line Drive, 8RD, EV 103.1 MPH)
|
|
Batting: RHB Josh Asch
|
0-0: Called Strike 0-1: Foul Ball, location: 2F 0-2: Strikes out swinging
|
| Bottom of the 4th over - 0 runs, 1 hit, 0 errors, 1 left on base; Tri-City 14 - Eugene 0 |
| TOP OF THE 5TH |
|
Tri-City Dust Devils batting - Pitching for Eugene Emeralds : RHP Carlos Zavala
|
|
Batting: LHB Roger Duque
|
0-0: Ground out U3 (Groundball, 34, EV 102.5 MPH)
|
|
Batting: RHB Paul Van Gilder
|
0-0: Called Strike 0-1: Ball 1-1: Foul Ball, location: 2F 1-2: Ball 2-2: Strikes out swinging
|
|
Batting: RHB Alfredo Lemus
|
0-0: Ground out 6-3 (Groundball, 56, EV 104.4 MPH)
|
| Top of the 5th over - 0 runs, 0 hits, 0 errors, 0 left on base; Tri-City 14 - Eugene 0 |
| BOTTOM OF THE 5TH |
|
Eugene Emeralds batting - Pitching for Tri-City Dust Devils : RHP Roger Watkins
|
|
Batting: RHB Jerry Blas
|
0-0: Called Strike 0-1: Called Strike 0-2: Strikes out looking
|
|
Batting: RHB Jonathan Ridgely
|
0-0: Ball 1-0: Ball 2-0: Ball 3-0: Called Strike 3-1: Foul Ball, location: 2F 3-2: Strikes out swinging
|
|
Batting: RHB Du Kim
|
0-0: Called Strike 0-1: Ball 1-1: Called Strike 1-2: Ball 2-2: Foul Ball, location: 2F 2-2: Foul Ball, location: 2F 2-2: Foul Ball, location: 2F 2-2: Strikes out looking
|
| Bottom of the 5th over - 0 runs, 0 hits, 0 errors, 0 left on base; Tri-City 14 - Eugene 0 |
| TOP OF THE 6TH |
|
Tri-City Dust Devils batting - Pitching for Eugene Emeralds : RHP Carlos Zavala
|
|
Batting: RHB David Reyna
|
0-0: Swinging Strike 0-1: Called Strike 0-2: Ball 1-2: Ball 2-2: Ball 3-2: Strikes out swinging
|
|
Batting: LHB Ramon Vega
|
0-0: Ball 1-0: Ball 2-0: Fly out, F8 (Flyball, 8LM, EV 89.4 MPH)
|
|
Batting: SHB Yutaro Takahashi
|
0-0: Called Strike 0-1: Ball 1-1: Ball 2-1: Ball 3-1: Base on Balls
|
|
Batting: RHB Hector Fernandez
|
0-0: Hit by Pitch Yutaro Takahashi to second
|
|
Batting: SHB Manny Berrones
|
0-0: Ground out 4-3 (Groundball, 4, EV 96.2 MPH)
|
| Top of the 6th over - 0 runs, 0 hits, 0 errors, 2 left on base; Tri-City 14 - Eugene 0 |
| BOTTOM OF THE 6TH |
|
Eugene Emeralds batting - Pitching for Tri-City Dust Devils : RHP Roger Watkins
|
|
Batting: RHB Eric Wiss
|
0-0: Ball 1-0: Ball 2-0: Swinging Strike 2-1: Foul Ball, location: 2F 2-2: Strikes out swinging
|
|
Batting: RHB Taylor Garofalo
|
0-0: Ball 1-0: Called Strike 1-1: Called Strike 1-2: Ball 2-2: Strikes out swinging, 2-3 out at first.
|
|
Batting: RHB Ryan Bush
|
0-0: Ball 1-0: Called Strike 1-1: Ball 2-1: Swinging Strike 2-2: Foul Ball, location: 2F 2-2: Foul Ball, location: 2F 2-2: Ball 3-2: Ground out 6-3 (Groundball, 6, EV 89.4 MPH)
|
| Bottom of the 6th over - 0 runs, 0 hits, 0 errors, 0 left on base; Tri-City 14 - Eugene 0 |
| TOP OF THE 7TH |
|
Tri-City Dust Devils batting - Pitching for Eugene Emeralds : RHP Carlos Zavala
|
|
Batting: RHB Brian DeVoe
|
0-0: SINGLE (Line Drive, 89S, EV 104.4 MPH)
|
|
Batting: LHB Roger Duque
|
0-0: Ball 1-0: 2-RUN HOME RUN (Flyball, 9D, EV 100.0 MPH), Distance : 386 ft
|
|
Pinch Hitting: RHB Ruben Luis
|
0-0: SOLO HOME RUN (Flyball, 7LD, EV 91.2 MPH), Distance : 332 ft
|
|
Batting: RHB Alfredo Lemus
|
0-0: Ground out 5-3 (Groundball, 56, EV 102.5 MPH)
|
|
Batting: RHB David Reyna
|
0-0: DOUBLE (Flyball, 78XD, EV 105.6 MPH)
|
|
Batting: LHB Ramon Vega
|
0-0: SINGLE (Flyball, 78S, EV 81.9 MPH) David Reyna to third
|
|
Batting: SHB Yutaro Takahashi
|
0-0: Called Strike 0-1: Swinging Strike 0-2: Foul Ball, location: 2F 0-2: Strikes out looking
|
|
Batting: RHB Hector Fernandez
|
0-0: 3-RUN HOME RUN (Flyball, 7D, EV 96.9 MPH), Distance : 368 ft
|
|
Batting: SHB Manny Berrones
|
0-0: Fly out, F7 (Flyball, 7, EV 88.1 MPH)
|
| Top of the 7th over - 6 runs, 6 hits, 0 errors, 0 left on base; Tri-City 20 - Eugene 0 |
| BOTTOM OF THE 7TH |
|
Eugene Emeralds batting - Pitching for Tri-City Dust Devils : RHP Roger Watkins
|
|
Now at 2B: Alfredo Lemus
|
|
|
Now at 3B: Ruben Luis
|
|
|
Batting: RHB Bill Holmes
|
0-0: Called Strike 0-1: Ball 1-1: Swinging Strike 1-2: Strikes out swinging
|
|
Batting: RHB Tim Long
|
0-0: Called Strike 0-1: Swinging Strike 0-2: Strikes out swinging
|
|
Batting: RHB Josh Asch
|
0-0: Ball 1-0: Ball 2-0: Ball 3-0: Called Strike 3-1: Base on Balls
|
|
Batting: RHB Jerry Blas
|
0-0: Ball 1-0: Foul Ball, location: 2F 1-1: Ball Josh Asch steals 2nd base (no throw) 2-1: Called Strike 2-2: Strikes out swinging
|
| Bottom of the 7th over - 0 runs, 0 hits, 0 errors, 1 left on base; Tri-City 20 - Eugene 0 |
| TOP OF THE 8TH |
|
Tri-City Dust Devils batting - Pitching for Eugene Emeralds : RHP Carlos Zavala
|
|
Batting: RHB Brian DeVoe
|
0-0: Called Strike 0-1: Ball 1-1: Ball 2-1: Ball 3-1: Swinging Strike 3-2: Strikes out swinging, 2-3 out at first.
|
|
Batting: LHB Roger Duque
|
0-0: DOUBLE (Line Drive, 5D, EV 100.0 MPH)
|
|
Batting: RHB Ruben Luis
|
0-0: Ball 1-0: Ball 2-0: Ball Wild Pitch! Roger Duque to third 3-0: Foul Ball, location: 2F 3-1: Foul Ball, location: 2F 3-2: Base on Balls
|
|
Batting: RHB Alfredo Lemus
|
0-0: Ball 1-0: Ball 2-0: Called Strike 2-1: Ball 3-1: Base on Balls Ruben Luis to second
|
|
Batting: RHB David Reyna
|
0-0: Ball 1-0: SINGLE (Groundball, 5D, EV 98.1 MPH) Roger Duque scores Ruben Luis to third Alfredo Lemus to second
|
|
Batting: LHB Ramon Vega
|
0-0: Ball 1-0: Called Strike 1-1: Foul Ball, location: 2F 1-2: Foul Ball, location: 2F 1-2: Foul Ball, location: 2F 1-2: Strikes out looking
|
|
Batting: SHB Yutaro Takahashi
|
0-0: Ball 1-0: Swinging Strike 1-1: Foul Ball, location: 2F 1-2: Ball 2-2: Ball 3-2: Base on Balls Ruben Luis scores Alfredo Lemus to third David Reyna to second
|
|
Batting: RHB Hector Fernandez
|
0-0: SINGLE (Groundball, 5S, EV 77.5 MPH) (infield hit) Alfredo Lemus scores David Reyna to third Yutaro Takahashi to second
|
|
Batting: SHB Manny Berrones
|
0-0: Swinging Strike 0-1: Called Strike 0-2: Strikes out swinging
|
| Top of the 8th over - 3 runs, 3 hits, 0 errors, 3 left on base; Tri-City 23 - Eugene 0 |
| BOTTOM OF THE 8TH |
|
Eugene Emeralds batting - Pitching for Tri-City Dust Devils : RHP Roger Watkins
|
|
Batting: RHB Jonathan Ridgely
|
0-0: Swinging Strike 0-1: Foul Ball, location: 2F 0-2: Ball 1-2: Ball 2-2: Strikes out swinging
|
|
Pitching: RHP Geoff McDaniel
|
|
|
Batting: RHB Du Kim
|
0-0: Fly out, F8 (Flyball, 8LD, EV 103.8 MPH)
|
|
Batting: RHB Eric Wiss
|
0-0: Called Strike 0-1: Ball 1-1: Ball 2-1: Called Strike 2-2: Foul Ball, location: 2F 2-2: Strikes out looking
|
| Bottom of the 8th over - 0 runs, 0 hits, 0 errors, 0 left on base; Tri-City 23 - Eugene 0 |
| TOP OF THE 9TH |
|
Tri-City Dust Devils batting - Pitching for Eugene Emeralds : RHP Carlos Zavala
|
|
Batting: RHB Brian DeVoe
|
0-0: Ball 1-0: Fly out, F6 (Line Drive, 6, EV 71.9 MPH)
|
|
Batting: LHB Roger Duque
|
0-0: Foul Ball, location: 2F 0-1: Ground out 4-3 (Groundball, 4, EV 103.1 MPH)
|
|
Batting: RHB Ruben Luis
|
0-0: Ball 1-0: Foul Ball, location: 2F 1-1: DOUBLE (Line Drive, 8RD, EV 101.2 MPH)
|
|
Batting: RHB Alfredo Lemus
|
0-0: Called Strike 0-1: Swinging Strike 0-2: Strikes out swinging
|
| Top of the 9th over - 0 runs, 1 hit, 0 errors, 1 left on base; Tri-City 23 - Eugene 0 |
| BOTTOM OF THE 9TH |
|
Eugene Emeralds batting - Pitching for Tri-City Dust Devils : RHP Geoff McDaniel
|
|
Batting: RHB Taylor Garofalo
|
0-0: Swinging Strike 0-1: Ground out 5-3 (Groundball, 56S, EV 85.6 MPH)
|
|
Batting: RHB Ryan Bush
|
0-0: Ball 1-0: Foul Ball, location: 2F 1-1: Swinging Strike 1-2: Foul Ball, location: 2F 1-2: Ball 2-2: Foul Ball, location: 2F 2-2: Ball 3-2: Strikes out swinging
|
|
Batting: RHB Bill Holmes
|
0-0: Called Strike 0-1: Swinging Strike 0-2: Ball 1-2: Foul Ball, location: 2F 1-2: Ground out 5-3 (Groundball, 56S, EV 91.2 MPH)
|
| Bottom of the 9th over - 0 runs, 0 hits, 0 errors, 0 left on base; Tri-City 23 - Eugene 0 |
|